 Dungeon Sprint DCSS version 0.27-a0-1322-gfdffb62a71 (webtiles) character file.

Game seed: 4981593092375611155

23 mhtbhm the Covered (level 2, -6/29 HPs)
             Began as a Minotaur Fighter on June 22, 2021.
             Mangled by a water elemental (11 damage)
             ... in the Dungeon (Sprint III: "The Ten Rune Challenge").
             The game lasted 00:00:27 (314 turns).

mhtbhm the Covered (Minotaur Fighter)                Turns: 314, Time: 00:00:28

Health: -6/29      AC:  7    Str: 20    XL:     2   Next: 75%
Magic:  1/1        EV:  7    Int:  5    God:
Gold:   30         SH:  9    Dex:  9    Spells: 1/1 levels left

rFire    . . .     SeeInvis .   a - +0 flail
rCold    . . .     Faith    .   c - +0 kite shield
rNeg     . . .     Spirit   .   b - +0 scale mail
rPois    .         Reflect  .   (helmet restricted)
rElec    .         Harm     .   (no cloak)
rCorr    .         Rampage  .   (no gloves)
Will     .....     NoTele   +   (no boots)
Stlth    ..........             (no amulet)
HPRegen  0.09/turn              (no ring)
MPRegen  0.07/turn              (no ring)

@: mighty, engulfed (cannot breathe)
A: horns 2, retaliatory headbutt
a: no special abilities


You were in the Dungeon.
You visited 1 branch You collected 30 gold pieces.

Inventory:

Hand Weapons
 a - a +0 flail (weapon)
Armour
 b - a +0 scale mail (worn)
 c - a +0 kite shield (worn)
Scrolls
 j - a scroll of blinking
 k - a scroll of holy word {unknown}
 l - 2 scrolls of identify {unknown}
 n - a scroll of immolation {unknown}
Potions
 d - a potion of might
 e - a potion of curing
 f - a potion of heal wounds
 g - a potion of haste
 h - 2 potions of magic
 i - a potion of berserk rage
 m - 2 potions of flight
 o - 6 potions of mutation


   Skills:
 + Level 5.1 Fighting
 + Level 3.6 Maces & Flails
 + Level 5.1 Armour
 + Level 5.0 Shields


You had one spell level left.
You didn't know any spells.
Your spell library was empty.

Dungeon Overview and Level Annotations

Branches:
Dungeon (1/1)

Altars:


Innate Abilities, Weirdness & Mutations

You have a pair of horns on your head.
You reflexively headbutt those who attack you in melee.


Message History

Things that are here:
a potion of mutation; 2 potions of mutation
n - a scroll labelled FAL MEARESODU
l - 2 scrolls labelled VEUMOM HARY (gained 1)
d - 2 potions of might (gained 1)
Things that are here:
a potion of mutation; 2 potions of mutation You now have 30 gold pieces (gained 11).
Things that are here:
a potion of mutation; 2 potions of mutation
o - a potion of mutation
o - 2 potions of mutation (gained 1);
o - 4 potions of mutation (gained 2)
o - 6 potions of mutation (gained 2)
You start resting.
You start resting.
You start resting.
There is an open door here.
You start resting.
HP restored.
You open the door.
A water elemental comes into view.
Unknown command.
You feel very mighty all of a sudden.
You barely miss the water elemental. The water elemental hits you!!
Ouch! That really hurt!
The water elemental engulfs you in water!
You are too injured to fight recklessly!
You are too injured to fight recklessly!
You are too injured to fight recklessly!
You are too injured to fight recklessly!
Unknown command.
You slip free of the water engulfing you.
You gasp with relief as air once again reaches your lungs.
You barely miss the water elemental.
Your headbutt misses the water elemental.
The water elemental hits you.
* * * LOW HITPOINT WARNING * * *
The water elemental engulfs you in water!
The water elemental hits you!
You die...

▓▓▓▓▓▓▓▓▓ ▓▓▓
▓<..#(..#### ##.#
▓...#......#####..#
▓..##.......#..#..#
▓##.##.##...#..#..# #+#+#
##.##.###..##'#..#......
▓#.####.##..###.@E'.⌠....
▓.###..##..####...#...###
▓#..†..##..###....# ⌠.#
###†.##...##.....# .#
##..##....#......# #
#..###..##.#.....# #..#
#.. ####....# ▓▓▓▓ ▓▓▓
▓▓▓▓▓▓


You could see a water elemental.

Vanquished Creatures
  A human (D)
  A phantom (D)
  4 rats (D)
6 creatures vanquished.

Notes
Turn   | Place    | Note
-------+----------+-------------------------------------------
     0 | D        | mhtbhm the Minotaur Fighter began the quest for the Orb.
     0 | D        | Reached XP level 1. HP: 19/19 MP: 0/0
    53 | D        | Reached skill level 5 in Fighting
    53 | D        | Reached skill level 5 in Armour
    53 | D        | Reached XP level 2. HP: 12/29 MP: 1/1
    56 | D        | Reached skill level 5 in Shields
   310 | D        | Noticed a water elemental
   314 | D        | Mangled by a water elemental

Illustrated notes

Levels and vault maps discovered:
D:        dungeon_sprint_mu [sprint_mu_entry_cave, sprint_mu_temple_rooms,
          sprint_mu_d1_horrors, sprint_mu_d2_genie, sprint_mu_d3_branching,
          sprint_mu_orc_legion, sprint_mu_elf_gauntlet, sprint_mu_hive_nellie,
          sprint_mu_lair_fedhas, sprint_mu_vaults_butterflies,
          sprint_mu_slime_circle, sprint_mu_shoals_kraken,
          sprint_mu_snake_twists, sprint_mu_blade_basic,
          sprint_mu_crypt_fortress, sprint_mu_tomb_spiral,
          sprint_mu_vestibule_basic, sprint_mu_gehenna_hellfire,
          sprint_mu_dis_giant, sprint_mu_tartarus_statrot,
          sprint_mu_cocytus_islands, sprint_mu_zot1]

Skill      XL: |  1  2 |
---------------+-------+-----
Fighting       | 5 |  5.1
Armour         | 5 |  5.1
Shields        | 4 5 |  5.0
Maces & Flails | 3 |  3.6

Action                   || total
-------------------------++-------
Melee: Flail             ||    19
       Headbutt          ||     1
  Use: Potion            ||     1
Armor: Scale mail        ||     2
Dodge: Dodged            ||     1
Block: Kite shield       ||    11

Table legend: (Time is in decaauts)
 A = Elapsed time spent in this place.
 B = Non-inter-level travel time spent in this place.
 C = Inter-level travel time spent in this place.
 D = Time resting spent in this place.
 E = Time spent auto-exploring this place.
 F = Levels seen in this place.
 G = Mean time per level.
                   A        B        C        D        E       F      G
               +--------+--------+--------+--------+--------+-----+--------+
         Total |    328 |    328 |      0 |    218 |     26 |   1 |  328.0 |
       Dungeon |    328 |    328 |      0 |    218 |     26 |   1 |  328.0 |
               +--------+--------+--------+--------+--------+-----+--------+

Top non-repeatable levels by time:
       D: 328 daAuts
